 Dungeon Crawl Stone Soup version 0.25-a0-927-g39f137c8b7 (webtiles) character file.

Game seed: 1082350135531978822, levelgen mode: deterministic

1080 Maedhros the Martial Artist (level 8, -10/48 HPs)
             Began as an Octopode Artificer on May 3, 2020.
             Mangled by a two-headed ogre
             ... wielding a +0 giant club
              (26 damage)
             ... on level 8 of the Dungeon.
             The game lasted 00:05:18 (4221 turns).

Maedhros the Martial Artist (Octopode Artificer)    Turns: 4221, Time: 00:05:19

Health: -10/48     AC:  4    Str: 11    XL:     8   Next: 29%
Magic:  10/10      EV: 13    Int: 13    God:
Gold:   214        SH:  0    Dex: 15    Spells: 7/7 levels left

rFire    . . .     SeeInvis +   e - +2 short sword (flame)
rCold    . . .     Gourm    .   (no shield)
rNeg     . . .     Faith    .   (helmet restricted)
rPois    .         Spirit   .   (no amulet)
rElec    .         Reflect  .   g - ring of see invisible
rCorr    .         Harm     .   o - +3 ring of protection
MR       .....                  (no ring)
Stlth    ++++......             (no ring)
HPRegen  0.16/turn              (no ring)
MPRegen  0.12/turn              (no ring)
                                (no ring)
                                (no ring)

@: no status effects
A: almost no armour, stealthy swim, amphibious, 8 rings, constrict 8, camouflage
1, gelatinous body 1
a: no special abilities


You were on level 8 of the Dungeon.
You were hungry.

You visited 1 branch of the dungeon, and saw 8 of its levels.
You also visited: Ossuary and Bailey.

You collected 214 gold pieces.

Inventory:

Hand Weapons
 a - a +0 short sword
 e - a +2 short sword of flaming (weapon)
Missiles
 p - 14 poisoned darts (quivered)
 w - 36 boomerangs
 y - 4 boomerangs of dispersal
Jewellery
 g - a ring of see invisible (left tentacle)
 o - a +3 ring of protection (right tentacle)
Wands
 c - a wand of enslavement (9)
 u - a wand of digging (7)
Scrolls
 b - 2 scrolls of remove curse
 d - 2 scrolls of identify
 h - a scroll of enchant armour
 i - 2 scrolls of enchant weapon {unknown}
 j - 2 scrolls of amnesia
 t - a scroll of noise {unknown}
 v - 2 scrolls of random uselessness
Potions
 k - a potion of stabbing {unknown}
 l - a potion of magic
 m - 3 potions of flight
 q - 3 potions of heal wounds {unknown}
 r - a potion of haste {unknown}
 s - a potion of cancellation {unknown}
Comestibles
 f - 4 rations


   Skills:
 - Level 1.0 Fighting
 - Level 1.0 Short Blades
 - Level 2.0 Dodging
 - Level 4.0 Stealth
 + Level 9.0 Unarmed Combat
 - Level 3.2 Evocations


You had 7 spell levels left.
You didn't know any spells.
Your spell library was empty.

Dungeon Overview and Level Annotations

Branches:
Dungeon (8/15)            Ossuary (visited)          Bailey (visited)
 Temple: D:4-7         Lair: D:8-11

Altars:
Gozag
Qazlal
Vehumet

Shops:
D:7 (

Annotations:
D:6 3 runed translucent doors


Innate Abilities, Weirdness & Mutations

You cannot wear most types of armour.
You are very stealthy in the water. (Stealth+)
You are amphibious.
You can wear up to eight rings at the same time.
You can use your tentacles to constrict eight enemies at once.
Your skin changes colour to match your surroundings (Stealth+).
Your rubbery body absorbs attacks. (AC +1, EV +1)


Message History

r - Retreat! s - Stop attacking. g - Guard the area. f - Follow me.
Anything else - Cancel.
Guard this area!
Your human hits the two-headed ogre with a +0 hand axe.
Found 19 stones.
The two-headed ogre barely misses you.
The two-headed ogre hits you with a +0 giant spiked club.
Your human hits the two-headed ogre with a +0 hand axe!
It was a potion of magic.
Magic courses through your body. Something closely misses your human.
Evoke which item? (* to show all) (? for menu, Esc to quit)
Aiming: Enslavement
Press: ? - help, Shift-Dir - straight line, f - two-headed ogre
Aim: a two-headed ogre, wielding a +0 giant club and a +0 giant spiked club (moderately wounded, chance to defeat MR: 37%)
The two-headed ogre resists with some effort.
The two-headed ogre hits you with a +0 giant club!
The two-headed ogre hits you with a +0 giant spiked club!!
Ouch! That really hurt!
You die...

............
#...........
#.#...........
#.#...........
#.#...........
#............#
#............#
######.....<......#
#..@.O........$...#
####O..).........##
..##..p###.........#
#...(.............##
#..##.....###......#
..#...###.# #..###.#
...## #.# #.## .#
##. ... .# # ....


You could see a two-headed ogre, an ogre and a friendly human.

Vanquished Creatures
  3 orc warriors (Bailey)
  An ogre (D:7)
  A centaur (D:6)
  An elf zombie (Ossuary)
  A scorpion (D:4)
  2 crimson imps (D:7)
  2 centaur zombies (Ossuary)
  3 human zombies (Ossuary)
  An iguana (D:5)
  2 worker ants
  2 killer bee zombies
  A hound zombie (Ossuary)
  4 mummies
  A worker ant zombie (D:7)
  2 adders (D:2)
  A shadow imp (D:7)
  5 adder zombies
  A worm (D:3)
  2 leopard geckos
  2 orcs
  A bat (D:3)
  A gnoll zombie (Ossuary)
  7 hobgoblins
  2 quokkas (D:2)
  3 frilled lizards
  A giant cockroach zombie (D:3)
  4 goblins
  A goblin zombie (Ossuary)
  2 hobgoblin zombies (Ossuary)
  6 jackal zombies (Ossuary)
  11 kobolds
  4 kobold zombies (Ossuary)
  An orc zombie (Ossuary)
  5 quokka zombies (Ossuary)
  A rat (D:2)
  A rat zombie (Ossuary)
89 creatures vanquished.

Vanquished Creatures (others)
  A centaur zombie (Ossuary)
1 creature vanquished.

Grand Total: 90 creatures vanquished

Notes
Turn   | Place    | Note
-------+----------+-------------------------------------------
     0 | D:1      | Maedhros the Octopode Artificer began the quest for the
                  | Orb.
     0 | D:1      | Reached XP level 1. HP: 13/13 MP: 3/3
    37 | D:2      | Found a stormy altar of Qazlal.
   176 | D:2      | Reached XP level 2. HP: 18/18 MP: 4/4
   196 | D:2      | Reached XP level 3. HP: 19/23 MP: 5/5
   481 | D:2      | Reached skill level 1 in Unarmed Combat
   702 | D:3      | Reached skill level 2 in Unarmed Combat
   752 | D:4      | Noticed a scorpion
   758 | D:4      | Killed a scorpion
   758 | D:4      | Reached skill level 3 in Unarmed Combat
   758 | D:4      | Reached XP level 4. HP: 18/28 MP: 6/6
   790 | D:5      | Entered Level 5 of the Dungeon
   796 | D:5      | Reached XP level 5. HP: 12/33 MP: 7/7
  1122 | D:5      | Noticed a centaur
  1299 | D:6      | Found a runed translucent gate.
  1299 | D:6      | Found a runed translucent gate.
  1299 | D:6      | Found a runed translucent gate.
  1309 | D:6      | Reached skill level 4 in Unarmed Combat
  1362 | D:6      | Found a sand-covered staircase.
  1370 | Ossuary  | Entered an ossuary
  1673 | Ossuary  | Reached skill level 5 in Unarmed Combat
  1673 | Ossuary  | Reached XP level 6. HP: 38/38 MP: 8/8
  2221 | Ossuary  | Reached skill level 6 in Unarmed Combat
  2524 | Ossuary  | Reached XP level 7. HP: 32/43 MP: 9/9
  2598 | D:6      | Reached skill level 7 in Unarmed Combat
  2851 | D:7      | Found a flagged portal.
  2861 | Bailey   | Entered a bailey
  3157 | Bailey   | Reached skill level 8 in Unarmed Combat
  3409 | Bailey   | Reached XP level 8. HP: 36/48 MP: 10/10
  3707 | Bailey   | Found a bloodstained altar of Trog.
  3804 | D:7      | Reached skill level 9 in Unarmed Combat
  3953 | D:7      | Found a radiant altar of Vehumet.
  3959 | D:7      | Found an opulent altar of Gozag.
  4134 | D:7      | Found Cioph's Antique Weapon Shop.
  4196 | D:7      | Noticed a yak
  4205 | D:8      | Noticed a two-headed ogre
  4221 | D:8      | Mangled by a two-headed ogre

Levels and vault maps discovered:
D:1:      minmay_arrival_cross, layout_basic, serial_rivers,
          chequers_serial_rivers_micro_b, chequers_serial_rivers_micro_a,
          chequers_serial_rivers_small_b, chequers_serial_rivers_marsh
D:2:      layout_rooms, nicolae_overflow_crystal_walls,
          gammafunk_temple_overflow_forgotten, nicolae_qazlal_general_emergency
D:3:      layout_loops_ring, serial_undead, serial_undead_a, serial_undead_f,
          serial_undead_c, serial_undead_f, kennysheep_minor_cross,
          kennysheep_another_room
D:4:      layout_rooms, uniq_eustachio
D:5:      layout_loops_ring, minmay_temple_entry_statues_pillars, first_ration
D:6:      layout_loops_ring, gammafunk_ghost_icy, nicolae_ossuary_entry_giza,
          serial_co_window_serial, co_window_corner_a, co_window_corner_a,
          co_window_paths_b, co_window_paths_a, co_window_paths_a,
          co_window_paths_a, co_window_cross_3, co_window_paths_c,
          glass_columns_c, glass_columns_a, glass_columns_c, glass_columns_a,
          glass_columns_a
D:7:      layout_loops_cross, amethyst_overflow_temple_binary, serial_shops,
          shop, enter_bailey_6, grunt_livestock
D:8:      layout_rooms, dk_vineyard_1, uniq_erica, uniq_grum

Skill      XL: |  1  2  3  4  5  6  7  8 |
---------------+-------------------------+-----
Stealth        | 3 4 |  4.0
Unarmed Combat | 3 5 6 8 9 |  9.0
Fighting       | |  1.0
Short Blades   | |  1.0
Dodging        | |  2.0
Evocations     | |  3.2

Action                   |  1- 3 |  4- 6 |  7- 9 || total
-------------------------+-------+-------+-------++-------
Melee: Short sword       |    55 |   101 |    78 ||   234
       Tentacles         |     7 |    21 |    14 ||    42
       Constrict         |    14 |    23 |    20 ||    57
       Punch             |       |     9 |     9 ||    18
Evoke: Wand              |     2 |    17 |    10 ||    29
  Use: Scroll            |       |     5 |     2 ||     7
       Potion            |       |       |     1 ||     1
 Stab: Sleeping          |     2 |     9 |     3 ||    14
  Eat: Ration            |       |     1 |     1 ||     2
       Chunk             |       |       |     3 ||     3
Armor: Skin              |     5 |    24 |    11 ||    40
Dodge: Dodged            |    40 |    60 |    53 ||   153

Table legend:
 A = Non-vault XP
 B = Vault XP
 C = Vault XP percentage of total XP
 D = Non-vault monster count
 E = Vault monster count
 F = Vault count percentage of total count
                 A         B        C        D         E       F
            +---------+---------+-------+---------+---------+-------
      Total |     648 |     895 |  58.0 |      36 |      54 |  60.0
            +---------+---------+-------+---------+---------+-------
        D:1 |       2 |       0 |   0.0 |       1 |       0 |   0.0
        D:2 |      39 |       0 |   0.0 |      11 |       0 |   0.0
        D:3 |      25 |       7 |  21.9 |       9 |       2 |  18.2
        D:4 |      66 |       0 |   0.0 |       1 |       0 |   0.0
        D:5 |      67 |       0 |   0.0 |       4 |       0 |   0.0
        D:6 |     176 |      18 |   9.3 |       4 |       1 |  20.0
        D:7 |     273 |       0 |   0.0 |       6 |       0 |   0.0
    Ossuary |       0 |     454 | 100.0 |       0 |      35 | 100.0
     Bailey |       0 |     416 | 100.0 |       0 |      16 | 100.0
            +---------+---------+-------+---------+---------+-------
